 Dungeon Crawl Stone Soup version 0.23-a0-635-g88ca12a (webtiles) character file.

135 zishaf the Sneak (level 5, -1/27 HPs)
             Began as a Vine Stalker Assassin on Dec 28, 2018.
             Slain by an orc priest
             ... wielding a +0 dagger
              (3 damage)
             ... on level 3 of the Dungeon.
             The game lasted 00:04:35 (1674 turns).

zishaf the Sneak (Vine Stalker Assassin)            Turns: 1674, Time: 00:04:36

Health: -1/27      AC: 11    Str: 14    XL:     5   Next: 18%
Magic:  0/6        EV: 10    Int: 14    God:
Gold:   136        SH:  0    Dex: 16    Spells: 4/4 levels left

rFire    + . .     SeeInvis .   a - +2 dagger
rCold    . . .     Gourm    .   (no shield)
rNeg     . . .     Faith    .   j - +3 ring mail
rPois    .         Spirit   +   (no helmet)
rElec    .         Reflect  .   d - +0 cloak
rCorr    .         Harm     .   q - +0 pair of gloves
MR       .....                  o - +0 pair of boots
Stlth    +++.......             (no amulet)
HPRegen  0.49/turn              i - +3 ring of intelligence
MPRegen  0.10/turn              s - ring of protection from fire

@: no status effects
A: fangs 2, regeneration 1, magic shield, antimagic bite, no potion heal 3, rot
immunity
a: no special abilities


You were on level 3 of the Dungeon.
You were hungry.

You visited 1 branch of the dungeon, and saw 3 of its levels.

You collected 136 gold pieces.

Inventory:

Hand Weapons
 a - a +2 dagger (weapon)
 b - a +0 blowgun
Missiles
 e - 17 poisoned needles
 f - 2 curare-tipped needles
 y - 4 stones (quivered)
 z - 6 needles of frenzy
Armour
 d - a +0 cloak (worn)
 j - a +3 ring mail (worn)
 o - a +0 pair of boots (worn)
 q - a +0 pair of gloves (worn)
Jewellery
 i - a +3 ring of intelligence (left hand)
 s - a ring of protection from fire (right hand)
Scrolls
 c - a scroll of fog {unknown}
 h - 3 scrolls of enchant weapon {unknown}
 m - 3 scrolls of teleportation {unknown}
 t - 2 scrolls of identify {unknown}
 v - a scroll of enchant armour {unknown}
 x - a scroll of random uselessness {unknown}
Potions
 k - 2 potions of lignification {unknown}
 l - a potion of berserk rage {unknown}
 n - a potion of degeneration {unknown}
 p - 2 potions of mutation {unknown}
 r - a potion of agility {unknown}
 w - a potion of curing {unknown}
Comestibles
 g - 6 rations
 u - 8 chunks of flesh


   Skills:
 + Level 2.5 Fighting
 * Level 3.2 Short Blades
 - Level 2.0 Throwing
 + Level 1.0 Armour
 - Level 1.1 Dodging
 + Level 5.6 Stealth


You had 4 spell levels left.
You didn't know any spells.
Your spell library was empty.

Dungeon Overview and Level Annotations

Branches:
Dungeon (3/15)

Altars:
Cheibriados
Gozag


Innate Abilities, Weirdness & Mutations

You have extremely sharp teeth.
Your natural rate of healing is unusually fast.
When hurt, damage is shared between your health and your magic reserves.
Your bite disrupts and absorbs the magic of your enemies.
Potions cannot restore your health.
You are immune to rotting.


Message History

You hit the orc priest but do no damage.
The orc priest is heavily wounded.
The orc priest misses you.
You barely miss the orc priest. Your bite misses the orc priest.
The orc priest is heavily wounded.
The orc priest closely misses you.
You barely miss the orc priest.
The orc priest is heavily wounded.
You hit the orc priest. You bite the orc priest. You drain its power.
You feel invigorated.
The orc priest is severely wounded.
The orc priest hits you with a +0 dagger.
* * * LOW HITPOINT WARNING * * *
You barely miss the orc priest. Your bite misses the orc priest.
The orc priest is severely wounded.
The orc priest looks satisfied for a moment.
You hit the orc priest but do no damage.
The orc priest is severely wounded.
The orc priest hits you with a +0 dagger.
You die...

#.####..#######..#
#.#..#.###oo$# #
#.#..#.##.....##
#.#<.#.#...o...#
#.##.#.#.oo.o≈.#
#..))#.#.......#
######.#.......#
#.#.......#
#@#.≈...≈.#
#o#.......#
#..........
####<......
#######


You could see an orc priest.

Vanquished Creatures
  An orc wizard (D:3)
  4 adders
  An ooze (D:1)
  2 dart slugs
  6 orcs (D:3)
  2 ball pythons
  6 bats
  4 giant cockroaches
  6 goblins
  7 hobgoblins
  4 frilled lizards (D:1)
  6 kobolds
  A quokka zombie (D:2)
  5 rats
55 creatures vanquished.

Notes
Turn   | Place    | Note
-------+----------+-------------------------------------------
     0 | D:1      | zishaf the Vine Stalker Assassin began the quest for the
                  | Orb.
     0 | D:1      | Reached XP level 1. HP: 11/11 MP: 2/2
   238 | D:1      | Reached XP level 2. HP: 15/15 MP: 3/3
   261 | D:1      | Reached skill level 1 in Dodging
   356 | D:1      | Reached skill level 5 in Stealth
   505 | D:1      | Reached XP level 3. HP: 14/18 MP: 4/4
  1181 | D:2      | Found a snail-covered altar of Cheibriados.
  1311 | D:3      | Gained mutation: Your natural rate of healing is unusually
                  | fast. [Vine Stalker growth]
  1311 | D:3      | Reached XP level 4. HP: 17/23 MP: 5/5
  1432 | D:3      | Found an opulent altar of Gozag.
  1542 | D:3      | Reached XP level 5. HP: 27/27 MP: 6/6
  1571 | D:3      | Reached skill level 1 in Armour
  1666 | D:3      | HP: 1/27 [orc priest/divine providence (9)]
  1672 | D:3      | HP: 1/27 [orc priest/+0 dagger (3)]
  1674 | D:3      | Slain by an orc priest

Vault maps used:
D:1:      minmay_arrival_loop, grunt_decor_mini_mirrors
D:2:      lemuel_doored_altar, minmay_misc_feat_chi
D:3:      cheibrodos_pilgrimage, nicolae_gozag_cash_rules_everything_around_me

Skill      XL: |  1  2  3  4  5 |
---------------+----------------+-----
Short Blades   | 2 3 |  3.2
Dodging        | 1 |  1.1
Stealth        | 5 |  5.6
Fighting       | 2 |  2.5
Throwing       | 2 |  2.0
Armour         | 1 |  1.0

Action                   |  1- 3 |  4- 6 || total
-------------------------+-------+-------++-------
Melee: Dagger            |   123 |   107 ||   230
       Bite              |    29 |    19 ||    48
 Stab: Sleeping          |     7 |       ||     7
  Eat: Chunk             |     1 |     1 ||     2
Armor: Robe              |    25 |       ||    25
       Ring mail         |    19 |    36 ||    55
Dodge: Dodged            |    76 |    38 ||   114

Table legend:
 A = Non-vault XP
 B = Vault XP
 C = Vault XP percentage of total XP
 D = Non-vault monster count
 E = Vault monster count
 F = Vault count percentage of total count
                 A         B        C        D         E       F
            +---------+---------+-------+---------+---------+-------
      Total |     184 |       9 |   4.7 |      52 |       3 |   5.5
            +---------+---------+-------+---------+---------+-------
        D:1 |      47 |       0 |   0.0 |      25 |       0 |   0.0
        D:2 |      30 |       0 |   0.0 |      11 |       0 |   0.0
        D:3 |     107 |       9 |   7.8 |      16 |       3 |  15.8
            +---------+---------+-------+---------+---------+-------
